Map: Thunderbird LE

Players

llllllllllll (Stats) - Winner!

  • Race: Protoss Protoss
  • League: Grandmaster
  • Spawn Location: 5:00

Serral

  • Race: Zerg Zerg
  • League: Grandmaster
  • Spawn Location: 11:00

Event: HomeStory Cup XIX

VOD

Have the link to the VOD?

Description

Time

  • Played on: June 27, 2019, 11:59 a.m.
  • Length: 13:23

All games in this series

Show
View Real Time Build Order
Export as new Build Order

llllllllllll Protoss - Winner!

Build Orders: 1 Gate Expand, Archon Immortal, Archon Drop, Dark Templar Rush 

Get SALT Encoding   

  12  0:00  Probe  
  13  0:12  Probe  
  14  0:20  Pylon  
  14  0:24  Probe  
  14  0:28  Assimilator  
  15  0:34  Probe  
  16  0:42  Probe  
  16  0:43  Gateway  
  17  0:52  Probe  
  19  1:04  Probe  
  19  1:16  Probe  
  20  1:23  Nexus  
  20  1:31  Cybernetics Core  
  20  1:34  Probe  
  20  1:39  Assimilator  
  21  1:47  Probe  
  22  1:50  Pylon  
  22  1:59  Probe  
  22  2:01  Stalker  
  25  2:10  Warp Gate  
  25  2:11  Probe  
  26  2:17  Twilight Council  
  26  2:23  Probe  
  27  2:33  Probe  
  27  2:34  Probe  
  27  2:35  Robotics Facility  
  28  2:41  Probe  
  28  2:42  Probe  
  29  2:50  Probe  
  31  2:51  Probe  
  33  3:01  Dark Shrine  
  33  3:03  Probe  
  33  3:04  Probe  
  35  3:06  Adept  
  37  3:12  Gateway  
  37  3:16  Probe  
  37  3:17  Probe  
  39  3:21  Warp Prism  
  39  3:24  Gateway  
  39  3:32  Probe  
  42  3:34  Probe  
  42  3:37  Assimilator  
  43  3:41  Pylon  
  43  3:44  Probe  
  43  3:47  Probe  
  45  3:51  Pylon  
  45  3:57  Observer, Assimilator  
  45  3:59  Probe x2  
  48  4:11  Probe x2  
  50  4:18  Dark Templar x2  
  50  4:19  Dark Templar  
  50  4:23  Pylon  
  56  4:26  Immortal, Probe x2  
  62  4:48  Pylon  
  62  4:49  Nexus  
  62  4:51  Probe x2  
  64  4:56  Immortal  
  64  4:59  Pylon  
  64  5:06  Dark Templar, Archon  
  70  5:09  Shield Battery  
  70  5:10  Archon  
  70  5:11  Probe  
  70  5:12  Probe  
  72  5:16  Sentry  
  72  5:20  Forge  
  74  5:24  Probe x2  
  74  5:26  Charge  
  76  5:30  Immortal  
  76  5:36  Probe x2  
  76  5:38  Protoss Ground Weapons Level 1  
  76  5:39  Pylon  
  82  5:48  Probe x2  
  84  5:56  Sentry  
  86  5:59  Sentry x2  
  86  6:03  Probe x3  
  93  6:08  Gateway  
  93  6:09  Gateway  
  93  6:11  Gateway  
  94  6:18  Probe x3  
  94  6:23  Immortal  
  95  6:25  Zealot x2  
  95  6:26  Zealot  
  105  6:35  Pylon x2  
  105  6:43  Pylon, Gateway  
  105  6:47  Gateway  
  105  6:52  Probe x2  
  105  6:53  Probe  
  108  6:58  Stalker x2  
  112  7:07  Zealot x4  
  120  7:10  Pylon  
  120  7:11  Pylon  
  120  7:13  Templar Archives  
  120  7:22  Photon Cannon  
  120  7:24  Assimilator  
  120  7:39  Stalker x3  
  120  7:40  Stalker x3  
  121  7:52  Zealot  
  118  8:03  Pylon  
  118  8:06  Blink  
  118  8:07  Pylon  
  118  8:08  Stalker x2  
  118  8:09  Stalker x2  
  118  8:12  Assimilator  
  126  8:14  Shield Battery  
  126  8:16  Shield Battery  
  126  8:24  Stalker x3  
  126  8:25  Stalker  
  134  8:28  Protoss Ground Weapons Level 2  
  132  8:39  Probe  
  132  8:40  Probe x2  
  135  8:45  Immortal  
  135  8:48  Stalker x3  
  135  8:49  Stalker x5  
  151  9:01  Pylon  
  151  9:14  Pylon  
  151  9:15  Pylon  
  151  9:16  Pylon  
  149  9:18  Sentry x2  
  149  9:19  Sentry x2  
  149  9:23  Zealot x4  
  159  9:31  Immortal  
  159  9:33  Pylon x2  
  161  9:47  Zealot x5  
  161  10:02  Robotics Facility  
  161  10:09  Stalker x2  
  161  10:10  Stalker x4  
  172  10:14  Stalker  
  172  10:15  Stalker  
  156  10:34  Stalker x6  
  166  10:58  Stalker x6  
  166  11:02  Stalker  
  156  11:16  Stalker  
  151  11:23  Stalker x4  
  129  11:41  Stalker x4  
  137  11:49  Stalker x3  
  91  12:19  Immortal x2  
  69  12:29  Probe x3  
  74  12:32  Sentry x3  
  74  12:33  Sentry x2  
  74  12:36  Stalker  
  74  12:37  Zealot, Stalker  
  102  13:05  Stalker x3  
  108  13:09  Zealot  
  100  13:21  Stalker  
  100  13:22  Stalker x3  
Show
View Real Time Build Order
Export as new Build Order

Serral Zerg 

Build Orders: Hatch First, Swarm Host 

Get SALT Encoding   

  12  0:00  Drone  
  13  0:12  Overlord  
  13  0:16  Drone  
  14  0:30  Drone  
  14  0:31  Drone  
  16  0:48  Hatchery  
  15  0:51  Drone  
  15  0:55  Drone  
  17  0:58  Drone  
  18  1:09  Extractor  
  17  1:13  Spawning Pool  
  17  1:16  Drone  
  17  1:20  Drone  
  18  1:28  Drone  
  19  1:38  Drone  
  20  1:50  Overlord  
  20  1:59  Queen x2  
  20  2:01  Zergling x4  
  26  2:09  Metabolic Boost  
  26  2:10  Drone  
  26  2:11  Drone  
  28  2:21  Drone  
  28  2:22  Drone  
  30  2:34  Hatchery  
  29  2:39  Overlord  
  29  2:42  Drone  
  30  2:47  Queen  
  33  2:51  Drone  
  33  2:54  Drone  
  33  2:55  Drone  
  33  2:57  Drone  
  36  3:06  Zergling x2  
  36  3:07  Drone  
  36  3:12  Drone x5  
  43  3:15  Drone  
  44  3:21  Overlord  
  44  3:25  Lair  
  44  3:32  Roach Warren, Drone  
  44  3:40  Drone  
  44  3:41  Drone x2  
  47  3:43  Drone x2  
  47  3:44  Drone  
  47  3:46  Drone x2  
  52  3:52  Extractor  
  52  3:53  Extractor, Drone  
  52  3:54  Drone  
  52  3:56  Queen  
  52  3:59  Overlord  
  52  4:02  Overlord  
  54  4:13  Roach x2  
  58  4:19  Roach x4  
  58  4:24  Overseer  
  66  4:29  Zergling x8  
  70  4:31  Overseer  
  70  4:38  Overlord  
  70  4:39  Overlord  
  70  4:40  Drone x3  
  70  4:42  Drone  
  74  4:50  Overlord  
  74  4:51  Overlord  
  74  4:52  Overlord  
  74  4:55  Overlord  
  74  5:02  Spore Crawler  
  73  5:07  Queen  
  73  5:08  Drone x2  
  73  5:09  Drone x2  
  73  5:10  Drone x3  
  73  5:12  Roach x2  
  86  5:17  Overlord  
  86  5:18  Glial Reconstitution  
  86  5:21  Drone  
  86  5:22  Drone  
  86  5:26  Overseer  
  86  5:28  Overlord  
  88  5:34  Drone x5  
  93  5:41  Extractor  
  92  5:46  Drone x2  
  92  5:49  Extractor, Drone x2  
  95  5:50  Extractor, Evolution Chamber, Drone  
  95  5:53  Overlord  
  95  5:54  Overlord  
  94  5:57  Drone x5  
  99  6:06  Drone x2  
  99  6:07  Infestation Pit  
  100  6:12  Overlord  
  100  6:15  Zerg Missile Weapons Level 1  
  100  6:20  Roach x8  
  100  6:22  Overlord  
  112  6:30  Drone x2  
  112  6:36  Nydus Network  
  110  6:42  Overlord  
  110  6:45  Swarm Host x5  
  124  6:56  Overlord  
  124  6:59  Roach x2  
  128  7:02  Roach x2  
  128  7:08  Ravager x3  
  135  7:09  Drone  
  135  7:12  Ravager  
  135  7:13  Ravager  
  135  7:15  Nydus Canal  
  138  7:17  Roach x4  
  138  7:19  Overlord  
  146  7:26  Ravager, Roach  
  146  7:27  Roach x3  
  146  7:29  Nydus Canal  
  155  7:34  Zergling x10  
  160  7:40  Swarm Host x3  
  160  7:43  Hatchery  
  150  7:53  Roach x5  
  148  8:00  Ravager x2  
  148  8:01  Roach x2  
  154  8:06  Roach  
  154  8:07  Roach x3  
  159  8:22  Overlord x2  
  159  8:25  Roach x8  
  175  8:28  Nydus Canal  
  175  8:34  Overlord  
  175  8:35  Overlord, Swarm Host x2  
  175  8:39  Swarm Host  
  184  8:41  Drone x2  
  184  8:42  Drone  
  184  8:45  Extractor  
  184  8:53  Swarm Host x3  
  193  8:59  Zerg Missile Weapons Level 2  
  193  9:03  Nydus Canal  
  193  9:04  Queen  
  193  9:06  Swarm Host  
  193  9:09  Zergling x4  
  199  9:21  Hive  
  199  9:23  Extractor  
  196  9:24  Spine Crawler  
  196  9:25  Spine Crawler  
  196  9:27  Nydus Canal  
  195  9:31  Drone x6  
  195  9:33  Spire  
  199  9:40  Ravager  
  200  10:03  Nydus Canal  
  200  10:16  Baneling Nest  
  200  10:17  Nydus Canal  
  200  10:20  Spine Crawler  
  187  10:21  Spine Crawler  
  187  10:22  Spine Crawler x2  
  187  10:23  Spine Crawler  
  187  10:26  Roach x15  
  195  10:30  Roach x6  
  197  10:47  Ravager x2  
  199  10:50  Nydus Canal  
  199  10:53  Greater Spire  
  197  11:14  Zergling x20  
  197  11:15  Zerg Ground Armor Level 1  
  182  11:20  Roach x13  
  182  11:21  Roach  
  182  11:24  Roach x9  
  197  11:27  Roach x2  
  167  11:35  Roach x8  
  174  11:43  Roach x3  
  174  11:47  Roach x2  
  160  11:51  Zergling x6  
  160  11:54  Ravager x5  
  161  12:04  Zergling x8  
  120  12:10  Zergling x2  
  73  12:33  Zergling x2  
  73  12:34  Zergling x6  
  77  12:40  Ravager x2  
  79  12:45  Ravager  
  79  12:46  Ravager  
  79  12:47  Ravager x3  
  79  12:50  Zergling x2  
  82  12:56  Zergling x2  
  83  13:00  Ravager  
  82  13:07  Ravager  
Tags
 
Add a new tag
Caveats
  • Supply blocks, unpowered buildings, or Contaminate may cause inaccurate times.
  • Supply counts are checked every 10 seconds.